 Dungeon Crawl Stone Soup version 0.30-a0-860-g512cf1e979 (webtiles) character file.

Game seed: 9459852609524765859

15444 jasper the Spear-Bearer (level 12, -4/100 HPs)
             Began as a Demonspawn Delver on Mar 7, 2023.
             Was a High Priest of Trog.
             Slain by a two-headed ogre
             ... wielding a +0 giant club
              (18 damage)
             ... on level 11 of the Dungeon.
             The game lasted 00:23:09 (11617 turns).

jasper the Spear-Bearer (Demonspawn Delver)        Turns: 11617, Time: 00:23:09

Health: -4/100     AC: 13    Str: 17    XL:     12   Next: 1%
Magic:  12/12      EV: 16    Int: 13    God:    Trog [*****.]
Gold:   1026       SH:  0    Dex: 21    Spells: 11/11 levels left

rFire   x . .      SeeInvis .    y - +4 spear "Caha" {venom, rPois rF- Int+2 Dex+5}
rCold   . . .      Faith    .    (no shield)
rNeg    + . .      Spirit   .    O - +0 acid dragon scales
rPois   +          Reflect  .    (no helmet)
rElec   .          Rampage  .    (no cloak)
rCorr   +                        (no gloves)
Will    .....                    t - +1 pair of boots
Stlth   +++                      (no amulet)
HPRegen 0.36/turn                o - ring of positive energy
MPRegen 0.13/turn                H - +4 ring of slaying

@: no status effects
A: claws 2, rugged brown scales 3, powered by death 1
a: Renounce Religion, Berserk, Trog's Hand, Brothers in Arms


You were on level 11 of the Dungeon.
You worshipped Trog.
Trog was extremely pleased with you.
You visited 1 branch of the dungeon, and saw 11 of its levels.
You also visited: Bailey.

You collected 1301 gold pieces.
You spent 275 gold pieces at shops.

Inventory:

Hand Weapons
 a - a +0 hand axe
 s - a +1 war axe
 v - the +5 sling "Xujin" {flame, Fly Will+}
   (You found it on level 4 of the Dungeon)

   Fly:       It grants you flight.
   Will:      It increases your willpower.
 w - a +0 trident
 y - the +4 spear "Caha" (weapon) {venom, rPois rF- Int+2 Dex+5}
   (You found it on level 4 of the Dungeon)

   Int:       It affects your intelligence (+2).
   Dex:       It affects your dexterity (+5).
   rF:        It makes you vulnerable to fire.
   rPois:     It protects you from poison.
 E - a +0 glaive of venom
 K - the +1 trident "Osui" {venom, Dex+4}
   (You bought it in a shop on level 9 of the Dungeon)

   Dex:       It affects your dexterity (+4).
 P - a +2 antimagic halberd
Missiles
 i - 74 stones
 m - 8 boomerangs (quivered)
 x - 32 poisoned darts
 L - 2 throwing nets
Armour
 b - a +0 leather armour
 j - a +3 leather armour of fire resistance
 q - a +0 scale mail
 t - a +1 pair of boots (worn)
 C - a +1 plate armour of cold resistance
 D - a +1 tower shield of protection
 O - +0 acid dragon scales (worn)
 Q - a scarf of harm
Jewellery
 o - a ring of positive energy (left claw)
 A - a ring of ice
 H - a +4 ring of slaying (right claw)
 J - a ring of flight
Wands
 g - a wand of digging (3)
 B - a wand of quicksilver (7)
 F - a wand of mindburst (14)
 S - a wand of paralysis (1)
Scrolls
 c - 3 scrolls of fog
 d - 2 scrolls of magic mapping
 e - a scroll of blinking
 h - 5 scrolls of teleportation
 p - 3 scrolls of fear
 r - a scroll of identify
 z - a scroll of butterflies
 G - a scroll of brand weapon
Potions
 f - 7 potions of curing
 k - 2 potions of might
 l - 3 potions of flight
 n - a potion of heal wounds
 u - a potion of ambrosia
 I - 3 potions of haste
 M - a potion of magic
 N - a potion of mutation
Miscellaneous
 R - a condenser vane (inert)


   Skills:
 - Level 8.7 Fighting
 - Level 3.5(8.5) Axes
 * Level 12.0(12.2) Polearms
 - Level 3.0 Ranged Weapons
 - Level 7.1 Armour
 - Level 7.6 Dodging
 - Level 4.5 Stealth


You had 11 spell levels left.
You didn't know any spells.
Your spell library contained the following spells:

 Spells                   Type           Power      Damage    Failure   Level
 Apportation              Tloc           0%         N/A       36%         1
 Necrotise                Necr           0%         1d4       36%         1
 Summon Small Mammal      Summ           0%         N/A       36%         1


Dungeon Overview and Level Annotations

Branches:
Dungeon (11/15)            Temple (0/1) D:7            Lair (0/5) D:9
    Orc (0/2) D:10         Bailey (visited)

Altars:
Ashenzari
Hepliaklqana
Ru
Trog
Xom

Shops:
D:1 (   D:9 (


Innate Abilities, Weirdness & Mutations

You have very sharp fingernails.
You are completely covered in rugged brown scales. (AC +3, +7% HP)
You regenerate a little health from kills.


Message History

The two-headed ogre hits you with a +0 giant club!
The two-headed ogre misses you.
The gargoyle hits you with a +0 dire flail!
* * * LOW HITPOINT WARNING * * *
The gargoyle hits you with a +0 dire flail!
* * * LOW HITPOINT WARNING * * *
You take 27 damage, and have 18/100 hp.
MASSIVE DAMAGE!!
You feel much better. The two-headed ogre closely misses you.
The two-headed ogre hits you but does no damage.
The gargoyle misses you.
You regained 23 hp, and now have 41/100 hp.
You feel much better.
The two-headed ogre completely misses you.
The two-headed ogre hits you with a +0 giant club!
The gargoyle closely misses you.
You regained 9 hp, and now have 50/100 hp.
Your cyclops goes berserk!
The gargoyle hurls a stone arrow at you.
The stone arrow misses you.
You float gracefully downwards.
The +5 sling "Xujin" {flame, Fly Will+} stops flaming.
You feel clever.
You feel agile.
The +4 spear "Caha" {venom, rPois rF- Int+2 Dex+5} begins to drip with poison!
y - the +4 spear "Caha" (weapon)
{venom, rPois rF- Int+2 Dex+5} The two-headed ogre hits you with a +0 giant club!
The two-headed ogre completely misses you.
You take 16 damage, and have 34/100 hp.
You hit the gargoyle but do no damage.
The gargoyle is moderately damaged.
Your cyclops hits the gargoyle!
The gargoyle hurls a stone arrow at you.
The stone arrow hits you!!
* * * LOW HITPOINT WARNING * * *
You take 20 damage, and have 14/100 hp.
You feel much better.
Your cyclops closely misses the gargoyle.
The two-headed ogre hits you with a +0 giant club!!
* * * LOW HITPOINT WARNING * * *
The two-headed ogre hits you with a +0 giant club!!
You die...

#.........#
+.........########
#.........'......######
#.........######^......
#.........# ########
#.........# #
#.........# #######O###
#.C9@.# #'##### ...
#... #... #... '...
##...


You could see a two-headed ogre, a gargoyle (ally target) and a friendly cyclops
(summoned, berserk).

Vanquished Creatures
  Fannar (D:10)
  A two-headed ogre (D:10)
  Nergalle (D:10)
  Lodul (D:11)
  An orc knight (Bailey)
  A manticore (D:11)
  4 kobold demonologists
  A tengu conjurer (D:10)
  2 trolls (D:9)
  2 wraiths
  32 yaks
  A wyvern (D:9)
  A basilisk (D:9)
  2 steam dragons
  An acid dragon (D:10)
  5 water moccasins
  8 orc warriors
  A sky beast (D:7)
  An ice beast (D:7)
  7 ogres
  3 centaurs
  4 kobold brigands
  6 bullfrogs
  7 scorpions
  Blork the orc (D:5)
  4 wights (D:9)
  10 killer bees (D:9)
  4 howler monkeys
  4 hounds
  3 jellies
  2 gnoll boudas
  3 iguanas
  10 orc wizards
  10 gnolls
  11 adders
  A shadow imp (D:7)
  3 white imps
  3 ufetubi
  3 worms
  A dart slug (D:3)
  70 orcs
  6 ball pythons
  4 endoplasms
  4 giant cockroaches
  4 goblins
  A hobgoblin (D:4)
  16 kobolds
  3 quokkas
  11 bats
  A frilled lizard (D:3)
  A rat (D:3)
288 creatures vanquished.

Vanquished Creatures (others)
  An orc (D:8)
  3 bushes (D:9)
  11 fungi (D:9)
  20 plants
35 creatures vanquished.

Grand Total: 323 creatures vanquished

Notes
Turn   | Place    | Note
-------+----------+-------------------------------------------
     0 | D:5      | jasper the Demonspawn Delver began the quest for the Orb.
     0 | D:5      | Reached XP level 1. HP: 18/18 MP: 1/1
    32 | D:5      | Noticed an iguana
    86 | D:5      | Noticed Blork the orc
   107 | D:5      | Gained mutation: You regenerate a little health from kills.
                  | [demonic ancestry]
   107 | D:5      | Reached XP level 2. HP: 14/24 MP: 2/2
   260 | D:4      | Noticed a scorpion
   299 | D:3      | Found a shimmering altar of Xom.
   841 | D:1      | Found Gaucawus's Weapon Boutique.
   848 | D:1      | Bought 4 boomerangs for 80 gold pieces
   921 | D:1      | Reached XP level 3. HP: 29/29 MP: 3/3
  1346 | D:1      | Found a faded altar of an unknown god.
  1581 | D:1      | Prayed at the altar of an unknown god.
  1581 | D:1      | Became a worshipper of Trog the Wrathful
  1581 | D:1      | Reached * piety under Trog
  1660 | D:2      | Found a broken altar of Ashenzari.
  1692 | D:2      | Reached skill level 1 in Armour
  2823 | D:3      | Gained mutation: You are partially covered in rugged brown
                  | scales. (AC +1, +3% HP) [demonic ancestry]
  2823 | D:3      | Reached XP level 4. HP: 29/36 MP: 4/4
  3187 | D:3      | Found a sacrificial altar of Ru.
  3397 | D:4      | Killed a scorpion
  3398 | D:4      | Reached XP level 5. HP: 43/43 MP: 5/5
  3549 | D:4      | Identified the +5 sling "Xujin" {flame, Fly Will+}
  3625 | D:4      | Reached skill level 1 in Ranged Weapons
  3634 | D:4      | Identified the +4 spear "Caha" {venom, rPois rF- Int+2
                  | Dex+5}
  3676 | D:4      | Reached ** piety under Trog
  3892 | D:4      | Gained mutation: You are mostly covered in rugged brown
                  | scales. (AC +2, +5% HP) [demonic ancestry]
  3892 | D:4      | Reached XP level 6. HP: 43/50 MP: 6/6
  3961 | D:5      | Reached skill level 1 in Polearms
  4006 | D:5      | Reached skill level 2 in Polearms
  4086 | D:5      | Noticed a steam dragon
  4309 | D:5      | Killed a steam dragon
  4310 | D:5      | Reached skill level 3 in Polearms
  4310 | D:5      | Gained mutation: You have sharp fingernails. [demonic
                  | ancestry]
  4310 | D:5      | Reached XP level 7. HP: 45/55 MP: 7/7
  4394 | D:5      | Killed Blork the orc
  4395 | D:5      | Reached skill level 4 in Polearms
  4666 | D:5      | Reached *** piety under Trog
  5185 | D:6      | Reached XP level 8. HP: 55/64 MP: 8/8
  5615 | D:6      | Reached skill level 5 in Polearms
  5923 | D:6      | Found a hazy altar of Hepliaklqana.
  6177 | D:7      | Found a flagged portal.
  6185 | Bailey   | Entered a bailey
  6333 | Bailey   | Reached **** piety under Trog
  6366 | Bailey   | Noticed an orc knight
  6379 | Bailey   | Reached skill level 5 in Fighting
  6401 | Bailey   | Killed an orc knight
  6402 | Bailey   | Reached skill level 6 in Polearms
  6494 | Bailey   | Reached XP level 9. HP: 45/71 MP: 9/9
  7091 | D:7      | Found a staircase to the Ecumenical Temple.
  7613 | D:8      | Reached skill level 7 in Polearms
  7843 | D:8      | Reached skill level 5 in Dodging
  8124 | D:8      | Found a broken altar of Ashenzari.
  8538 | D:9      | Noticed a troll
  8558 | D:9      | Killed a troll
  8568 | D:9      | Noticed a troll
  8578 | D:9      | Killed a troll
  8604 | D:9      | Reached skill level 8 in Polearms
  8606 | D:9      | Reached skill level 5 in Armour
  8622 | D:9      | Gained mutation: You have very sharp fingernails. [demonic
                  | ancestry]
  8622 | D:9      | Reached XP level 10. HP: 76/80 MP: 10/10
  8910 | D:9      | Found the +11 Singing Sword {sonic wave}
  9013 | D:9      | Reached skill level 9 in Polearms
  9028 | D:9      | Found a staircase to the Lair.
  9033 | D:9      | Reached ***** piety under Trog
  9050 | D:9      | Found Iptaixur's Antique Weapon Shoppe.
  9058 | D:9      | Bought an encrusted trident for 195 gold pieces
  9058 | D:9      | Identified the +1 trident "Osui" {venom, Dex+4} (You bought
                  | it in a shop on level 9 of the Dungeon)
  9634 | D:9      | Reached XP level 11. HP: 52/90 MP: 11/11
 10124 | D:10     | Entered Level 10 of the Dungeon
 10165 | D:10     | Reached skill level 10 in Polearms
 10324 | D:10     | Identified the +3 robe of Imperfection {Fly rElec rF+
                  | Int+3}
 10389 | D:10     | Noticed Fannar
 10432 | D:10     | Killed Fannar
 10753 | D:10     | Noticed a two-headed ogre
 10780 | D:10     | Killed a two-headed ogre
 10948 | D:10     | Noticed Nergalle
 10973 | D:10     | Killed Nergalle
 10974 | D:10     | Reached skill level 11 in Polearms
 11103 | D:10     | Received a gift from Trog
 11128 | D:10     | Found a staircase to the Orcish Mines.
 11501 | D:11     | Noticed Lodul
 11534 | D:11     | Killed Lodul
 11606 | D:11     | Reached skill level 12 in Polearms
 11606 | D:11     | Gained mutation: You are completely covered in rugged brown
                  | scales. (AC +3, +7% HP) [demonic ancestry]
 11606 | D:11     | Reached XP level 12. HP: 73/100 MP: 12/12
 11608 | D:11     | Noticed a two-headed ogre
 11617 | D:11     | Slain by a two-headed ogre

Illustrated notes

Levels and vault maps discovered:
D:1:      lemuel_arrival_room, layout_basic, serial_shops, shop,
          dilly_ecumenical_altar_fadedgnrine
D:2:      layout_basic, basic_altar, serial_bayou, serial_bayou_pond_a,
          serial_bayou_crossing, serial_bayou_shore_b, serial_bayou_ford_a,
          chequers_serial_rivers_small_3, kennysheep_generic_room_4
D:3:      layout_basic, nicolae_ru_path_of_blood, lemuel_coloured_pillars_altar
D:4:      layout_rooms
D:5:      layout_loops_ring, uniq_blork_the_orc
D:6:      layout_rooms, mainiacjoe_overflow_large_starburst
D:7:      layout_cave_pools, minmay_temple_entry_ruins, enter_bailey_2
D:8:      layout_basic, mainiacjoe_overflow_cross_hatched
D:9:      old_forge, layout_loops_ring, minmay_lair_entry_grove, serial_shops,
          shop
D:10:     layout_loops_ring, david_orc_4, uniq_nergalle, uniq_fannar
D:11:     layout_roguey, uniq_lodul

Skill      XL: |  1  2  3  4  5  6  7  8  9 10 11 |
---------------+----------------------------------+-----
Axes           | 2 3 |  3.5
Dodging        | 2 3 4 5 6 7 |  7.6
Armour         | 1 2 3 5 6 7 |  7.1
Ranged Weapons | 2 3 |  3.0
Polearms       | 3 4 6 8 9 12 | 12.0
Fighting       | 4 5 6 7 8 |  8.7
Stealth        | |  4.5

Action                     |  1- 3 |  4- 6 |  7- 9 | 10-12 || total
---------------------------+-------+-------+-------+-------++-------
  Melee: Hand axe          |    96 |    17 |       |       ||   113
         Punch             |     1 |       |     1 |     7 ||     9
         War axe           |       |    21 |       |       ||    21
         Spear             |       |    28 |   170 |   485 ||   683
   Fire: Sling             |       |    70 |   212 |   109 ||   391
  Throw: Boomerang         |    38 |    35 |     9 |    10 ||    92
 Invoke: Berserk           |       |     2 |       |       ||     2
         Trog's Hand       |       |       |     2 |     3 ||     5
         Brothers in Arms  |       |       |       |     1 ||     1
  Evoke: Wand              |       |       |     1 |     4 ||     5
         Condenser vane    |       |       |       |     1 ||     1
    Use: Potion            |     1 |       |       |     4 ||     5
         Scroll            |     5 |     5 |     7 |     2 ||    19
   Stab: Sleeping          |     2 |       |       |       ||     2
         Confused          |       |       |       |     3 ||     3
 Armour: Leather armour    |    30 |    26 |    52 |    56 ||   164
         Acid dragon scale |       |       |       |    24 ||    24
  Dodge: Dodged            |    67 |    56 |   124 |   240 ||   487

Table legend: (Time is in decaauts)
 A = Elapsed time spent in this place.
 B = Non-inter-level travel time spent in this place.
 C = Inter-level travel time spent in this place.
 D = Time resting spent in this place.
 E = Time spent auto-exploring this place.
 F = Levels seen in this place.
 G = Mean time per level.
                   A        B        C        D        E       F      G
               +--------+--------+--------+--------+--------+-----+--------+
         Total |  11533 |  11010 |    523 |   1689 |   6942 |  12 |  961.1 |
       Dungeon |  10982 |  10459 |    523 |   1585 |   6672 |  11 |  998.4 |
        Bailey |    550 |    550 |      0 |    104 |    270 |   1 |  550.0 |
               +--------+--------+--------+--------+--------+-----+--------+

Top non-repeatable levels by time:
     D:9: 1507 daAuts
     D:5: 1395 daAuts
     D:2: 1164 daAuts
    D:10: 1142 daAuts
     D:8: 1077 daAuts
     D:1: 1074 daAuts
     D:3: 948 daAuts
     D:6: 913 daAuts
     D:7: 791 daAuts
     D:4: 725 daAuts
  Bailey: 550 daAuts
    D:11: 242 daAuts
